 Dungeon Crawl Stone Soup version 0.26.1-10-gdfb7c7de75 (webtiles) character file.

Game seed: 5646068917108803978

1082 phalm the Shield-Bearer (level 8, -5/49 HPs)
             Began as a Gargoyle Fighter on Apr 2, 2021.
             Was an Initiate of Okawaru.
             Slain by Thatpatchoflichen's ghost (11 damage)
             ... on level 4 of the Dungeon.
             The game lasted 00:10:54 (4578 turns).

phalm the Shield-Bearer (Gargoyle Fighter)          Turns: 4578, Time: 00:10:55

Health: -5/49      AC: 15    Str: 23      XL:     8   Next: 30%
Magic:  8/8        EV:  8    Int:  8      God:    Okawaru [......]
Gold:   329        SH: 10    Dex:  6 (9)  Spells: 7/7 levels left

rFire    . . .     SeeInvis .   r - +1 whip
rCold    + . .     Faith    .   c - +0 kite shield
rNeg     + . .     Spirit   .   w - +0 scale mail {rC+}
rPois    ∞         Reflect  .   (no helmet)
rElec    +         Harm     .   g - +0 cloak
rCorr    .         Rampage  .   (no gloves)
Will     .....                  h - +0 pair of boots
Stlth    ..........             b - amulet of magic regeneration
HPRegen  0.16/turn              (no ring)
MPRegen  0.36/turn              (no ring)

@: no status effects
A: negative energy resistance 1, electricity resistance, unbreathing,
petrification resistance, miasma immunity, AC +5
a: Renounce Religion


You were on level 4 of the Dungeon.
You worshipped Okawaru.
Okawaru was noncommittal.
You visited 1 branch of the dungeon, and saw 5 of its levels.
You also visited: Sewer.

You collected 329 gold pieces.

Inventory:

Hand Weapons
 r - a +1 whip (weapon)
Armour
 c - a +0 kite shield (worn)
 f - a +0 troll leather armour {Purgy}
 g - a +0 cloak (worn)
 h - a +0 pair of boots (worn)
 w - a +0 scale mail of cold resistance (worn)
Jewellery
 b - an amulet of magic regeneration (around neck)
 n - an uncursed ring of ice
Wands
 i - a wand of iceblast (7)
 v - a wand of flame (15)
Scrolls
 a - 3 scrolls of fear {unknown}
 e - a scroll of random uselessness {unknown}
 j - 2 scrolls of remove curse {unknown}
 l - 6 scrolls of identify
 q - 3 scrolls of enchant weapon
 t - 2 scrolls of amnesia {unknown}
 u - 2 scrolls of teleportation {unknown}
Potions
 d - a potion of might
 k - a potion of brilliance {unknown}
 m - a potion of curing {unknown}
 o - a potion of heal wounds {unknown}
 p - a potion of flight {unknown}
 s - a potion of haste


   Skills:
 + Level 5.3 Fighting
 * Level 5.8 Maces & Flails
 + Level 5.3 Armour
 * Level 6.8 Shields


You had 7 spell levels left.
You didn't know any spells.
Your spell library was empty.

Dungeon Overview and Level Annotations

Branches:
Dungeon (5/15)              Sewer (visited)
 Temple: D:4-7

Altars:
Ashenzari
Makhleb
Okawaru
Ru
Xom
Yredelemnul

Annotations:
D:4 Thatpatchoflichen's ghost, amateur MiFi


Innate Abilities, Weirdness & Mutations

You are resistant to torment.
Your stone body is resilient. (AC +5)
You are immune to poison.
You resist negative energy. (rN+)
You are resistant to electric shocks. (rElec)
You can survive without breathing.
You are immune to petrification.
You are immune to miasma.


Message History

You block Thatpatchoflichen's ghost's attack.
You whack Thatpatchoflichen's ghost!
Thatpatchoflichen's ghost is moderately damaged.
You hit Thatpatchoflichen's ghost.
Thatpatchoflichen's ghost is moderately damaged.
You block Thatpatchoflichen's ghost's attack.
You hit Thatpatchoflichen's ghost but do no damage.
Thatpatchoflichen's ghost is moderately damaged.
Thatpatchoflichen's ghost hits you!
You hit Thatpatchoflichen's ghost but do no damage.
Thatpatchoflichen's ghost is moderately damaged.
Thatpatchoflichen's ghost hits you!
* * * LOW HITPOINT WARNING * * *
You hit Thatpatchoflichen's ghost but do no damage.
Thatpatchoflichen's ghost is moderately damaged.
Thatpatchoflichen's ghost barely misses you.
You hit Thatpatchoflichen's ghost but do no damage.
Thatpatchoflichen's ghost is moderately damaged.
Thatpatchoflichen's ghost hits you!
You die...

# # ######### #
#.......#
###########.....W.#
..........'.....@.#
........###.......#
........# #.......#
........###.......#
..................#
..................#
..................#
..................#
..................#


You could see Thatpatchoflichen's ghost.

Vanquished Creatures
  Sigmund (D:3)
  A water moccasin (D:4)
  Purgy (Sewer)
  An ogre (D:5)
  2 centaurs
  2 electric eels (D:3)
  3 quasits (D:4)
  A hound (D:4)
  An orc wizard (D:4)
  3 worker ants
  8 adders
  4 gnolls (D:5)
  2 oozes
  5 worms
  A dart slug (D:2)
  4 leopard geckos
  9 orcs
  12 bats
  2 giant cockroaches
  10 goblins
  6 hobgoblins
  6 kobolds
  A ball python (D:2)
  7 frilled lizards
  7 rats
100 creatures vanquished.

Vanquished Creatures (others)
  2 plants (D:3)
2 creatures vanquished.

Grand Total: 102 creatures vanquished

Notes
Turn   | Place    | Note
-------+----------+-------------------------------------------
     0 | D:1      | phalm the Gargoyle Fighter began the quest for the Orb.
     0 | D:1      | Reached XP level 1. HP: 14/14 MP: 1/1
   190 | D:1      | Reached XP level 2. HP: 19/19 MP: 2/2
   610 | D:2      | Reached XP level 3. HP: 19/23 MP: 3/3
   697 | D:2      | Reached skill level 4 in Shields
   718 | D:2      | Reached XP level 4. HP: 28/28 MP: 4/4
  1270 | D:2      | Found a shimmering altar of Xom.
  1270 | D:2      | Found a burning altar of Makhleb.
  1511 | D:3      | Found a glowing drain.
  1534 | D:3      | Reached XP level 5. HP: 29/33 MP: 5/5
  1561 | Sewer    | Entered a sewer
  1659 | Sewer    | Noticed Purgy
  1687 | Sewer    | Killed Purgy
  1688 | Sewer    | Reached XP level 6. HP: 20/38 MP: 6/6
  2012 | D:3      | Found a transporter.
  2091 | D:3      | Noticed Sigmund
  2125 | D:4      | Reached skill level 5 in Shields
  2334 | D:3      | Killed Sigmund
  2335 | D:3      | Reached XP level 7. HP: 30/44 MP: 7/7
  2410 | D:3      | Found a transporter.
  2490 | D:3      | Found a broken altar of Ashenzari.
  2669 | D:3      | Found a basalt altar of Yredelemnul.
  2996 | D:4      | Reached skill level 5 in Maces & Flails
  2996 | D:4      | Reached skill level 6 in Shields
  3188 | D:4      | Found a transporter.
  3204 | D:4      | Found a transporter.
  3206 | D:4      | Noticed Thatpatchoflichen's ghost (amateur MiFi)
  3256 | D:5      | Entered Level 5 of the Dungeon
  3287 | D:5      | Reached skill level 5 in Fighting
  3287 | D:5      | Reached skill level 5 in Armour
  3290 | D:5      | Reached XP level 8. HP: 29/49 MP: 8/8
  3878 | D:4      | Found an iron altar of Okawaru.
  3886 | D:4      | Became a worshipper of Warmaster Okawaru
  4448 | D:5      | Found a sacrificial altar of Ru.
  4578 | D:4      | Slain by Thatpatchoflichen's ghost

Illustrated notes

Levels and vault maps discovered:
D:1:      eino_arrival_tree_alley, layout_rooms
D:2:      layout_basic, gammafunk_temple_overflow_wave
D:3:      gammafunk_steamed_eel, layout_loops_ring,
          nicolae_overflow_crystal_walls, general_overflow_altar,
          cheibrodos_sewer_entry_drain, item_on_display_a, uniq_sigmund
D:4:      layout_basic, kennysheep_okawaru_gauntlet, gammafunk_ghost_stat_death
D:5:      kb_forest_paths, layout_basic, lemuel_crystal_altar, basic_altar,
          uniq_duvessa

Skill      XL: |  1  2  3  4  5  6  7 |
---------------+----------------------+-----
Shields        | 4 5 6 |  6.8
Maces & Flails | 3 4 5 |  5.8
Fighting       | 4 5 |  5.3
Armour         | 4 5 |  5.3

Action                   |  1- 3 |  4- 6 |  7- 9 || total
-------------------------+-------+-------+-------++-------
Melee: Flail             |    86 |    28 |       ||   114
       Whip              |       |   244 |   222 ||   466
       Spear             |       |       |     9 ||     9
Evoke: Wand              |       |       |     2 ||     2
  Use: Scroll            |       |     4 |       ||     4
Armor: Scale mail        |    47 |   113 |   150 ||   310
       Troll leather arm |       |    40 |     6 ||    46
Dodge: Dodged            |    30 |   118 |    91 ||   239
Block: Kite shield       |    56 |   172 |   161 ||   389
